 Dungeon Crawl Stone Soup version 0.30-a0-585-g93115170b9 (webtiles) character file.

Game seed: 16565131534916649289

228 brightshaft the Shooter (level 5, -11/41 HPs)
             Began as a Demigod Hunter on Jan 2, 2023.
             Killed by divine providence
             ... invoked by an orc priest
              (12 damage)
             ... on level 4 of the Dungeon.
             The game lasted 00:03:29 (2778 turns).

brightshaft the Shooter (Demigod Hunter)            Turns: 2778, Time: 00:03:29

Health: -11/41     AC:  7    Str: 12    XL:     5   Next: 42%
Magic:  7/7        EV: 12    Int: 11    God:
Gold:   236        SH:  0    Dex: 21    Spells: 4/4 levels left

rFire   . . .      SeeInvis .    a - +0 shortbow
rCold   . . .      Faith    .    (shield currently unavailable)
rNeg    . . .      Spirit   .    c - +0 leather armour
rPois   .          Reflect  .    (no helmet)
rElec   .          Harm     .    f - +0 cloak
rCorr   .          Rampage  .    h - +2 pair of gloves
Will    .....                    (no boots)
Stlth   ++                       (no amulet)
HPRegen 0.26/turn                (no ring)
MPRegen 0.10/turn                (no ring)

@: no status effects
A: high MP 1, forlorn, divine attributes
a: no special abilities


You were on level 4 of the Dungeon.
You visited 1 branch of the dungeon, and saw 4 of its levels.

You collected 236 gold pieces.

Inventory:

Hand Weapons
 a - a +0 shortbow (weapon)
 b - a +1 dagger of venom
Armour
 c - a +0 leather armour (worn)
 e - a +0 ring mail
 f - a +0 cloak (worn)
 h - a +2 pair of gloves (worn)
Jewellery
 i - a ring of protection from cold
Scrolls
 d - a scroll of fog {unknown}
 m - 4 scrolls of immolation
 n - a scroll of magic mapping {unknown}
 q - a scroll of noise {unknown}
 r - a scroll of enchant armour {unknown}
 s - a scroll of teleportation {unknown}
Potions
 g - 3 potions of flight
 j - a potion of might {unknown}
 k - a potion of brilliance {unknown}
 l - 3 potions of curing {@q1}
 o - 2 potions of mutation
 p - a potion of degeneration {unknown}


   Skills:
 - Level 1.8 Fighting
 * Level 6.4 Ranged Weapons
 - Level 1.8 Dodging
 - Level 0.9 Stealth


You had 4 spell levels left.
You didn't know any spells.
Your spell library contained the following spells:

 Spells                   Type           Power      Damage    Failure   Level
 Apportation              Tloc           0%         N/A       41%         1
 Necrotise                Necr           0%         1d4       41%         1
 Summon Small Mammal      Summ           0%         N/A       41%         1


Dungeon Overview and Level Annotations

Branches:
Dungeon (4/15)
 Temple: D:4-7

Shops:
D:4 ?


Innate Abilities, Weirdness & Mutations

You have an increased reservoir of magic. (+10% MP)
You shall have no god before yourself.
Your divine heritage dramatically boosts your attributes as you level up.


Message History

Aim: an orc, wielding a +0 club and wearing a +0 leather armour (65% to hit)
You shoot an arrow. The arrow hits the orc.
The orc is severely wounded.
The orc hits you but does no damage.
Fire: a) +0 shortbow
Press: ? - help, Shift-Dir - straight line, f/p - orc
Aim: an orc, wielding a +0 club and wearing a +0 leather armour (severely wounded, 65% to hit)
You shoot an arrow. The arrow hits the orc.
You kill the orc!
Fire: a) +0 shortbow
Press: ? - help, Shift-Dir - straight line, f - orc priest
Aim: an orc priest, wielding a +0 whip (65% to hit)
You shoot an arrow.
The arrow closely misses the orc priest.
The arrow hits the orc priest!
You kill the orc priest!
The orc priest invokes the aid of Beogh against you.
Beogh smites you!
* * * LOW HITPOINT WARNING * * *
Fire: a) +0 shortbow
Press: ? - help, Shift-Dir - straight line, f/p - orc priest
Aim: an orc priest, wielding a +0 whip (65% to hit)
You shoot an arrow.
The arrow closely misses the orc priest.
The arrow hits the goblin.
You kill the goblin!
The orc priest begins to cast a cantrip, but forgets the words!
Fire: a) +0 shortbow
Press: ? - help, Shift-Dir - straight line, f/p - orc priest
Aim: an orc priest, wielding a +0 whip (65% to hit)
You shoot an arrow.
The arrow closely misses the orc priest.
The arrow hits the jackal.
The jackal is severely wounded.
The orc priest invokes the aid of Beogh against you.
Pain shoots through your body!
* * * LOW HITPOINT WARNING * * *
The orc priest calls down the wrath of Beogh upon you.
Beogh smites you!
You die...

## . #. .### .h#
###o# #. ..#@#
#.# #.#.# #.#
#.#.# #.# ##.#.#
##.## ##....#
#...###.#.#.####
#................
#(..###.#.#.#####
#>............


You could see an orc priest and a jackal.

Vanquished Creatures
  An ogre (D:4)
  An orc priest (D:4)
  4 adders
  3 dart slugs
  4 orcs
  7 ball pythons
  4 bats
  10 endoplasms
  A giant cockroach (D:4)
  8 goblins
  5 hobgoblins
  3 jackals (D:4)
  2 quokkas
  2 frilled lizards
  4 kobolds
  7 rats
66 creatures vanquished.

Notes
Turn   | Place    | Note
-------+----------+-------------------------------------------
     0 | D:1      | brightshaft the Demigod Hunter began the quest for the Orb.
     0 | D:1      | Reached XP level 1. HP: 17/17 MP: 3/3
   151 | D:1      | Reached skill level 4 in Ranged Weapons
   213 | D:1      | Reached XP level 2. HP: 24/24 MP: 4/4
   896 | D:2      | Reached XP level 3. HP: 29/29 MP: 5/5
  1694 | D:3      | Reached skill level 5 in Ranged Weapons
  2051 | D:3      | Reached XP level 4. HP: 36/36 MP: 6/6
  2475 | D:4      | Noticed an ogre
  2482 | D:4      | Killed an ogre
  2483 | D:4      | Reached skill level 6 in Ranged Weapons
  2483 | D:4      | Reached XP level 5. HP: 18/41 MP: 7/7
  2687 | D:4      | Found Sinucame's Magic Scroll Shop.
  2778 | D:4      | HP: 1/41 [orc priest/nerve-wracking pain (11)]
  2778 | D:4      | Killed from afar by an orc priest

Illustrated notes

Levels and vault maps discovered:
D:1:      onia_arrival_mini_spirals, layout_basic
D:2:      layout_loops_corners
D:3:      layout_basic, lemuel_coloured_pillars_altar
D:4:      layout_loops_ring, minmay_temple_entry_poolview,
          ebering_ghost_disaster_area, serial_shops, nicolae_shop_trees, shop,
          nicolae_shop_stone, kennysheep_mini

Skill      XL: |  1  2  3  4 |
---------------+-------------+-----
Ranged Weapons | 4 5 6 |  6.4
Fighting       | |  1.8
Dodging        | |  1.8
Stealth        | |  0.9

Action                   |  1- 3 |  4- 6 || total
-------------------------+-------+-------++-------
 Fire: Shortbow          |   112 |    55 ||   167
  Use: Scroll            |     4 |       ||     4
       Potion            |       |     1 ||     1
Armor: Leather armour    |    10 |    12 ||    22
Dodge: Dodged            |    25 |    16 ||    41

Table legend: (Time is in decaauts)
 A = Elapsed time spent in this place.
 B = Non-inter-level travel time spent in this place.
 C = Inter-level travel time spent in this place.
 D = Time resting spent in this place.
 E = Time spent auto-exploring this place.
 F = Levels seen in this place.
 G = Mean time per level.
                   A        B        C        D        E       F      G
               +--------+--------+--------+--------+--------+-----+--------+
         Total |   2825 |   2763 |     62 |      0 |   2392 |   4 |  706.2 |
       Dungeon |   2825 |   2763 |     62 |      0 |   2392 |   4 |  706.2 |
               +--------+--------+--------+--------+--------+-----+--------+

Top non-repeatable levels by time:
     D:3: 866 daAuts
     D:2: 835 daAuts
     D:1: 798 daAuts
     D:4: 324 daAuts
